 Dungeon Crawl Stone Soup version 0.18-a0-1539-g1c7284a (webtiles) character file.

1292 M4edhros the Covert (level 8, -3/38 HPs)
             Began as an Octopode Artificer on Mar 9, 2016.
             Slain by a hellwing (7 damage)
             ... summoned by Xom
             ... in the Ecumenical Temple.
             The game lasted 00:12:38 (19414 turns).

M4edhros the Covert (Octopode Artificer)           Turns: 19414, Time: 00:12:38

Health: -3/38      AC:  2    Str:  6 (10) XL:     8   Next: 56%
Magic:  10/10      EV:  6    Int: 16      God:    Xom [......]
Gold:   323        SH:  0    Dex: 15      Spells: 0 memorised, 7 levels left

rFire  . . .     SeeInvis .     m - +2 halberd
rCold  . . .     Gourm    .     (shield currently unavailable)
rNeg   . . .     Faith    .     (helmet restricted)
rPois  .         Spirit   .     (no amulet)
rElec  .         Dismiss  .     (no ring)
rCorr  .         Reflect  .     (no ring)
SustAt .         Harm     .     (no ring)
MR     +....                    (no ring)
Stlth  +++++++...               (no ring)
                                (no ring)
                                (no ring)
                                (no ring)

@: heavily drained, somewhat resistant to hostile enchantments, extremely
stealthy
A: almost no armour, amphibious, 8 rings, constrict 8, camouflage 1, clever 1,
frail 2, magic resistance 1, mutation resistance 1, shaggy fur 1, gelatinous
body 1
a: Renounce Religion


You were in the Ecumenical Temple.
You worshipped Xom.
You were a very special plaything of Xom.
You were not hungry.

You visited 2 branches of the dungeon, and saw 8 of its levels.

You collected 323 gold pieces.

Inventory:

Hand Weapons
 m - a +2 halberd (weapon)
 p - a cursed +0 hunting sling
Missiles
 f - 19 bolts of frost
 h - 118 stones (quivered)
 l - 6 curare-tipped needles
 t - 16 poisoned sling bullets
 u - 29 sling bullets
Wands
 b - a wand of flame (9/48)
 c - a wand of enslavement (12/24)
 d - a wand of random effects (9/48)
 g - a wand of iceblast (10/15)
 w - a wand of hasting (4/9)
 x - a wand of acid (3/15)
 z - a wand of paralysis (0/24)
Scrolls
 e - a scroll of blinking
 i - a scroll of random uselessness {unknown}
 k - 2 scrolls of remove curse
 n - 2 scrolls of fog {unknown}
 s - 2 scrolls of recharging {unknown}
 v - 3 scrolls of teleportation {unknown}
 y - 3 scrolls of enchant armour
Potions
 q - 2 potions of curing
 r - 2 potions of flight
Books
 j - a book of Air

   Spells                             Type                      Level
   a - Shock                          Conjuration/Air              1
   b - Swiftness                      Charms/Air                   2
   c - Repel Missiles                 Charms/Air                   2
   d - Static Discharge               Conjuration/Air              3
   e - Lightning Bolt                 Conjuration/Air              5
Comestibles
 a - a meat ration
 o - a fruit


   Skills:
 - Level 1.0(0.0) Fighting
   Level 1.0(0.0) Short Blades
 - Level 2.0(0.3) Dodging
 + Level 13.7(11.5) Stealth
 - Level 3.2(1.6) Evocations


You had 7 spell levels left.
You didn't know any spells.

Dungeon Overview and Level Annotations

Branches:
Dungeon (7/15)             Temple (1/1) D:5

Altars:
Ashenzari
Cheibriados
Dithmenos
Elyvilon
Makhleb
Nemelex Xobeh
Okawaru
Qazlal
Ru
Trog
Vehumet
Xom
Zin
The Shining One

Annotations:
D:3 yogakurto's ghost, amateur KoAK
D:5 Duvessa


Innate Abilities, Weirdness & Mutations

You cannot wear most types of armour.
You are amphibious.
You can wear up to eight rings at the same time.
You can use your tentacles to constrict eight enemies at once.
Your skin changes colour to match your surroundings (Stealth).
Your rubbery body absorbs attacks (AC +1).
Your mind is acute. (Int +2)
You are very frail (-20% HP).
You are resistant to hostile enchantments.
You are somewhat resistant to further mutation.
You are covered in fur (AC +1).


Message History

You are starving!
Eat which item? (? for menu, Esc to quit)
You continue eating. x2
You finish eating.
That meat ration really hit the spot!
You start waiting.
Done waiting.
You start waiting.
Done waiting.
You start waiting.
Done waiting.
You start waiting. "Fight to survive, mortal."
There are monsters nearby!
There are monsters nearby!
There are monsters nearby!
The ice devil hits you! The ice devil freezes you!!
Ouch! That really hurt!
* * * LOW HITPOINT WARNING * * *
The hellwing hits you!
You die...

##.............._..............##
........._............._.........
.................................
.................................
...§._....................._.....
..............⌠...⌠..............
.................................
..............5..................
..._.......⌠....@4...⌠......._...
..............4.4................
.................................
..............⌠...⌠..............
....._....................._.....
.................................
.................................
........._............._.........
##.............._..............##


You could see 2 hellwings, an ice devil and an iron imp.

Vanquished Creatures
  Grinder (D:4)
  The ghost of M4edhros the Sneak, an amateur OpAr (D:4)
  A sky beast (D:5)
  A phantom (D:6)
  An ogre (D:7)
  A centaur (D:6)
  5 wights
  2 crimson imps (D:6)
  A centaur zombie (D:6)
  A howler monkey (D:6)
  An orc priest (D:6)
  2 orc wizards (D:6)
  A worker ant (D:4)
  6 gnolls
  A white imp (D:6)
  A worm (D:3)
  2 dart slugs
  2 giant geckos
  13 orcs
  2 giant cockroaches (D:2)
  6 goblins
  3 hobgoblins
  7 jackals
  6 kobolds
  A quokka (D:6)
  A ball python (D:3)
  A ball python skeleton (D:4)
  5 bats
  2 giant newts
  A jackal skeleton (D:4)
  3 rats
82 creatures vanquished.

Vanquished Creatures (collateral kills)
  An ogre (D:6)
1 creature vanquished.

Vanquished Creatures (others)
  An adder (D:6)
1 creature vanquished.

Grand Total: 84 creatures vanquished

Notes
Turn   | Place    | Note
--------------------------------------------------------------
     0 | D:1      | M4edhros the Octopode Artificer began the quest for the Orb.
     0 | D:1      | Reached XP level 1. HP: 13/13 MP: 3/3
    72 | D:1      | Reached skill level 2 in Stealth
   391 | D:1      | Reached XP level 2. HP: 15/18 MP: 4/4
   398 | D:1      | Reached skill level 3 in Stealth
   990 | D:2      | Reached skill level 4 in Stealth
  1253 | D:2      | Reached XP level 3. HP: 23/23 MP: 5/5
  1415 | D:3      | Found a shadowy altar of Dithmenos.
  1434 | D:3      | Noticed yogakurto's ghost (amateur KoAK)
  1573 | D:4      | Noticed Grinder
  1592 | D:4      | Killed Grinder
  1592 | D:4      | Reached skill level 8 in Stealth
  1592 | D:4      | Reached XP level 4. HP: 28/28 MP: 6/6
  1592 | D:4      | Reached XP level 5. HP: 33/33 MP: 7/7
  1592 | D:4      | Reached XP level 6. HP: 38/38 MP: 8/8
  1686 | D:4      | Noticed M4edhros's ghost (amateur OpAr)
  1744 | D:4      | Found a burning altar of Makhleb.
  1976 | D:4      | Killed M4edhros's ghost
  1976 | D:4      | Reached skill level 9 in Stealth
  1987 | D:5      | Entered Level 5 of the Dungeon
  2119 | D:5      | Noticed Duvessa
  2334 | D:6      | Noticed a phantom
  2356 | D:6      | Reached skill level 10 in Stealth
  2356 | D:6      | Reached XP level 7. HP: 19/43 MP: 9/9
  2489 | D:6      | Reached skill level 11 in Stealth
  3075 | D:6      | Reached skill level 12 in Stealth
  3114 | D:5      | Reached XP level 8. HP: 17/48 MP: 10/10
  3118 | D:5      | Gained mutation: You evolve. [mutagenic meat]
  3119 | D:5      | Gained mutation: Your flesh is cold resistant. [mutagenic meat]
  3120 | D:5      | Lost mutation: Your flesh is cold resistant. [mutagenic meat]
  3121 | D:5      | Gained mutation: You expend magic power (3 MP) to strengthen your wands. [mutagenic meat]
  3122 | D:5      | Gained mutation: You are partially covered in rugged brown scales (AC +1, +3% HP). [mutagenic meat]
  3536 | D:6      | Reached skill level 13 in Stealth
  3914 | D:7      | Found an iron altar of Okawaru.
  3958 | D:7      | Became a worshipper of Warmaster Okawaru
  4069 | D:5      | Found a staircase to the Ecumenical Temple.
  4076 | Temple   | Entered the Ecumenical Temple
  4150 | Temple   | Fell from the grace of Okawaru
  4150 | Temple   | Became a worshipper of Xom of Chaos
  4690 | Temple   | XOM: harmless Trmt miscast
  4729 | Temple   | XOM: vitrification
  5173 | Temple   | XOM: harmless Erth miscast
  5229 | Temple   | Lost mutation: You expend magic power (3 MP) to strengthen your wands. [evolution]
  5233 | Temple   | XOM is BORED!
  5233 | Temple   | XOM: medium Trmt miscast
  6098 | Temple   | XOM: noise
  6889 | Temple   | XOM: harmless Chrm miscast
  7069 | Temple   | XOM: noise
  7589 | Temple   | XOM is BORED!
  7589 | Temple   | XOM: stat loss: -3 Str (7/10)
  7716 | Temple   | XOM: mild Hex miscast
  8189 | Temple   | XOM: 11-stop teleportation journey
  8233 | Temple   | XOM: mild Hex miscast
  8300 | Temple   | XOM: draining
  8941 | Temple   | XOM: mild Fire miscast
  9434 | Temple   | XOM: colour smoke trail
  9787 | Temple   | XOM: give mutation
  9787 | Temple   | Lost mutation: You are partially covered in rugged brown scales (AC +1, +3% HP). [Xom's mischief]
  9807 | Temple   | XOM: stat loss: -1 Str (6/10)
 10382 | Temple   | XOM: 4-stop teleportation journey
 10696 | Temple   | XOM: give mutations
 10696 | Temple   | Gained mutation: You are covered in fur (AC +1). [Xom's grace]
 10696 | Temple   | Gained mutation: Your muscles are strong. (Str +2) [Xom's grace]
 10696 | Temple   | Lost mutation: You evolve. [Xom's grace]
 10696 | Temple   | Gained mutation: You are somewhat resistant to further mutation. [Xom's grace]
 11364 | Temple   | XOM is BORED!
 11364 | Temple   | XOM: noise
 11978 | Temple   | XOM is BORED!
 11978 | Temple   | XOM: medium Trmt miscast
 12469 | Temple   | XOM: medium Hex miscast
 12648 | Temple   | XOM: mild Pois miscast
 13032 | Temple   | XOM: god gift: 5 meat rations
 13117 | Temple   | XOM: 2-stop teleportation journey
 13139 | Temple   | XOM: god gift: 19 bolts of frost
 13363 | Temple   | XOM: medium Necr miscast
 13595 | Temple   | XOM: divination: detect creatures
 13712 | Temple   | XOM: mild Pois miscast
 14693 | Temple   | XOM is BORED!
 14693 | Temple   | XOM: mild Pois miscast
 14839 | Temple   | XOM: divination: detect creatures
 14964 | Temple   | XOM: god gift: scroll labeled VYDYTH IVVISTY
 15164 | Temple   | XOM: vitrification
 15511 | Temple   | XOM: god gift: encrusted silver wand {god gift}
 15822 | Temple   | XOM: medium Hex miscast
 16286 | Temple   | XOM: mild Chrm miscast
 16329 | Temple   | XOM: 6-stop teleportation journey
 16418 | Temple   | XOM: colour smoke trail
 16588 | Temple   | XOM: give mutations
 16588 | Temple   | Lost mutation: Your muscles are strong. (Str +2) [Xom's mischief]
 16588 | Temple   | Gained mutation: Scrolls take you a little longer to read. [Xom's mischief]
 16655 | Temple   | XOM is BORED!
 16655 | Temple   | XOM: give mutations
 16655 | Temple   | Lost mutation: Scrolls take you a little longer to read. [Xom's mischief]
 16655 | Temple   | Gained mutation: Scrolls take you a little longer to read. [Xom's mischief]
 16655 | Temple   | Gained mutation: You are resistant to hostile enchantments. [Xom's mischief]
 17123 | Temple   | XOM: give mutations
 17123 | Temple   | Lost mutation: Scrolls take you a little longer to read. [Xom's mischief]
 17123 | Temple   | Gained mutation: You are frail (-10% HP). [Xom's mischief]
 17123 | Temple   | Gained mutation: Your mind is acute. (Int +2) [Xom's mischief]
 17123 | Temple   | Gained mutation: You are very frail (-20% HP). [Xom's mischief]
 17349 | Temple   | XOM: harmless Ice miscast
 17380 | Temple   | XOM: god gift: 16 poisoned sling bullets
 18029 | Temple   | XOM: 7-stop teleportation journey
 18360 | Temple   | XOM: medium Air miscast
 18394 | Temple   | XOM: silly message
 18411 | Temple   | XOM: medium Air miscast
 18569 | Temple   | XOM: mild Necr miscast
 18646 | Temple   | XOM: noise
 18751 | Temple   | XOM: colour smoke trail
 19413 | Temple   | XOM: summons 4 hostile demons
 19414 | Temple   | Noticed an ice devil
 19414 | Temple   | Noticed a hellwing
 19414 | Temple   | Noticed a hellwing
 19414 | Temple   | Slain by a hellwing

Vault maps used:
D:1:      minmay_arrival_shoal_huts, minivault_26
D:2:      tgw_fedhas, kennysheep_vampire_church, lemuel_coloured_pillars_altar,
          first_bread, uniq_robin
D:3:      overflow_temple_1_default, lemuel_doored_altar, bh_walls_and_bars
D:4:      kennysheep_mini, uniq_grinder
D:5:      lemuel_castle_with_subvaults, minmay_temple_entry_nine_rooms,
          serial_shops, kennysheep_mini_moat, uniq_duvessa
D:6:      minmay_fire_ice_demons
D:7:      wad_lake_hut, nicolae_overflow_crystal_walls,
          okawaru_altar_gauntlet_db
Temple:   circular_temple_12

Skill      XL: |  1  2  3  4  5  6  7  8 |
---------------+-------------------------+-----
Stealth        | 2 4 8 10 12 13 | 13.7
Fighting       | |  1.0
Short Blades   | |  1.0
Dodging        | |  2.0
Evocations     | |  3.2

Action                   |  1- 3 |  4- 6 |  7- 9 || total
-------------------------+-------+-------+-------++-------
Melee: Short sword       |    58 |    26 |    24 ||   108
       Halberd           |       |       |    82 ||    82
Evoke: Wand              |     3 |     1 |    16 ||    20
  Use: Scroll            |       |     4 |     3 ||     7
       Potion            |       |     2 |     6 ||     8
 Stab: Sleeping          |    15 |     1 |     6 ||    22
       Paralysed         |     3 |       |       ||     3
       Distracted        |       |       |     2 ||     2
  Eat: Chunk             |     2 |     2 |    11 ||    15
       Meat ration       |       |       |     7 ||     7
       Beef jerky        |       |       |     3 ||     3
       Bread ration      |       |       |     2 ||     2
       Royal jelly       |       |       |     1 ||     1
